 Dungeon Crawl Stone Soup version 0.18-a0-1782-gb76a692 (webtiles) character file.

94 Zhenya25pyc the Covered (level 4, -6/29 HPs)
             Began as a Gargoyle Fighter on Apr 17, 2016.
             Killed by divine providence
             ... invoked by an orc priest
              (15 damage)
             ... on level 3 of the Dungeon.
             The game lasted 00:02:41 (1479 turns).

Zhenya25pyc the Covered (Gargoyle Fighter)          Turns: 1479, Time: 00:02:42

Health: -6/29      AC: 11    Str: 20    XL:     4   Next: 63%
Magic:  4/4        EV:  7    Int:  9    God:
Gold:   90         SH:  9    Dex:  9    Spells: 0 memorised, 3 levels left

rFire  . . .     SeeInvis .     a - +0 flail
rCold  . . .     Gourm    .     b - +0 scale mail
rNeg   + . .     Faith    .     c - +0 shield
rPois  ∞         Spirit   .     (no helmet)
rElec  +         Dismiss  .     i - +0 cloak (curse)
rCorr  .         Reflect  .     (no gloves)
SustAt .         Harm     .     (no boots)
MR     .....                    j - amulet of regeneration
Stlth  ..........               (no ring)
                                (no ring)

@: not resistant to hostile enchantments, extremely unstealthy
A: negative energy resistance 1, electricity resistance, unbreathing,
petrification resistance, rot immunity, AC +3
a: no special abilities


You were on level 3 of the Dungeon.
You were not hungry.

You visited 1 branch of the dungeon, and saw 3 of its levels.

You collected 90 gold pieces.

Inventory:

Hand Weapons
 a - a +0 flail (weapon)
Armour
 b - a +0 scale mail (worn)
 c - a +0 shield (worn)
 i - a cursed +0 cloak (worn)
Jewellery
 j - an amulet of regeneration (around neck)
Scrolls
 e - 2 scrolls of teleportation {unknown}
 g - a scroll of identify {unknown}
 m - a scroll of random uselessness {unknown}
 q - a scroll of remove curse {unknown}
Potions
 d - 2 potions of might
 h - 2 potions of curing {unknown}
 l - 2 potions of degeneration {unknown}
 o - a potion of haste {unknown}
Comestibles
 f - 2 bread rations
 k - a slice of pizza
 n - a meat ration


   Skills:
 + Level 4.0 Fighting
 * Level 3.4 Maces & Flails
 + Level 4.2 Armour
 - Level 3.2 Shields


You had 3 spell levels left.
You didn't know any spells.

Dungeon Overview and Level Annotations

Branches:
Dungeon (3/15)

Altars:
Beogh


Innate Abilities, Weirdness & Mutations

You are resistant to torment.
Your stone body is resilient (AC +3).
You are immune to poison.
You resist negative energy.
You are resistant to electric shocks.
You can survive without breathing.
You are immune to petrification.
You are immune to rotting.


Message History

All of the chunks of flesh in your inventory have rotted away.
You open the door. 3 orc priests come into view.
The orc priest shouts! x3
Found 54 gold pieces.
Found a roughly hewn altar of Beogh.
An orc and an orc priest come into view.
The orc shouts!
The orc priest shouts!
The orc priest casts a cantrip, but nothing happens.
You barely miss the orc priest. The orc priest hits you with a flail.
You hit the orc priest but do no damage.
The orc priest hits you with a flail.
The orc priest invokes the aid of Beogh against you.
Beogh smites you!
* * * LOW HITPOINT WARNING * * *
You hit the orc priest.
The orc priest is moderately wounded.
The orc priest mumbles some strange prayers to Beogh against you.
Beogh smites you!
Ouch! That really hurt!
You die...

#.##....[.
#.##....##
#####.##..#.#
#$$$##.##..#.##
###o8$8.#.....#...
#o'...$_#..#######
#o#.8.8.#.....#...
#o# o..####...#...
#@# ###.##...#.#.
#.######†##.......
#........##..##.#.
########..........
####.###.#. #.#
#.#. #.# #.#. #.#
#.#. #.# #.#.


You could see 3 orc priests.

Vanquished Creatures
  2 adders (D:2)
  An ooze (D:3)
  A worm (D:2)
  A dart slug (D:1)
  3 giant geckos
  5 orcs (D:3)
  6 bats
  2 giant cockroaches
  10 goblins
  6 hobgoblins
  5 kobolds
  A quokka (D:3)
  2 ball pythons (D:1)
  3 giant newts
  8 rats
56 creatures vanquished.

Notes
Turn   | Place    | Note
--------------------------------------------------------------
     0 | D:1      | Zhenya25pyc the Gargoyle Fighter began the quest for the Orb.
     0 | D:1      | Reached XP level 1. HP: 14/14 MP: 1/1
   133 | D:1      | Reached XP level 2. HP: 19/19 MP: 2/2
   721 | D:1      | Reached XP level 3. HP: 24/24 MP: 3/3
   985 | D:2      | Reached XP level 4. HP: 29/29 MP: 4/4
  1472 | D:3      | Found a roughly hewn altar of Beogh.
  1479 | D:3      | Killed from afar by an orc priest

Vault maps used:
D:1:      co_arrival_random_square_maze
D:3:      first_bread, kennysheep_orc_chapel

Skill      XL: |  1  2  3  4 |
---------------+-------------+-----
Maces & Flails | 3 |  3.4
Armour         | 4 |  4.2
Fighting       | 4 |  4.0
Shields        | |  3.2

Action                   |  1- 3 |  4- 6 || total
-------------------------+-------+-------++-------
Melee: Flail             |   139 |    79 ||   218
  Eat: Chunk             |     1 |     1 ||     2
Armor: Scale mail        |    60 |    59 ||   119
Dodge: Dodged            |    46 |    38 ||    84
Block: Shield            |    78 |    45 ||   123
